 Dungeon Crawl Stone Soup version 0.25.0-1-g7eea58d (webtiles) character file.

Game seed: 8216670482954008511

46 yaymichael the Skirmisher (level 3, 0/46 HPs)
             Began as a Centaur Chaos Knight on June 14, 2020.
             Was a Plaything of Xom.
             Succumbed to an adder's poison
             ... on level 3 of the Dungeon.
             The game lasted 00:03:25 (1047 turns).

yaymichael the Skirmisher (Centaur Chaos Knight)    Turns: 1047, Time: 00:03:26

Health: 0/46       AC: 21    Str: 13 (15) XL:     3   Next: 44%
Magic:  3/3        EV:  1    Int:  9 (11) God:    Xom [..*...]
Gold:   60         SH:  0    Dex:  5 (8)  Spells: 2/2 levels left

rFire    . . .     SeeInvis .   a - +0 spear (chaos)
rCold    . . .     Gourm    .   (no shield)
rNeg     + + +     Faith    .   (armour currently unavailable)
rPois    +         Spirit   .   (helmet currently unavailable)
rElec    .         Reflect  .   (cloak currently unavailable)
rCorr    .         Harm     .   (gloves currently unavailable)
MR       .....     NoTele   +   (no barding)
Stlth    +.........             (no amulet)
HPRegen  0.15/turn              (no ring)
MPRegen  0.08/turn              (no ring)

@: lethally poisoned (0 -> -1), tree-form
A: large
a: Renounce Religion


You were on level 3 of the Dungeon.
You worshipped Xom.
You were a toy of Xom.
You were not hungry.
You were a tree.
You visited 1 branch of the dungeon, and saw 4 of its levels.

You collected 60 gold pieces.

Inventory:

Hand Weapons
 a - a +0 spear of chaos (weapon)
Missiles
 e - 16 arrows
 f - 12 sling bullets
Armour
 b - a +2 leather armour (melded)
Scrolls
 h - 2 scrolls of remove curse {unknown}
 j - a scroll of fog {unknown}
 k - a scroll of enchant armour {unknown}
Comestibles
 c - a ration
 d - 2 chunks of flesh


   Skills:
 * Level 3.6 Fighting
 * Level 3.3 Polearms
 * Level 1.6 Armour
 * Level 1.0 Dodging


You had 2 spell levels left.
You didn't know any spells.
Your spell library was empty.

Dungeon Overview and Level Annotations

Branches:
Dungeon (4/15)
 Temple: D:4-7

Altars:


Innate Abilities, Weirdness & Mutations

((You have hooves in place of feet.))
((Armour fits poorly on your strangely shaped body.))
((You cover ground very quickly.))
((You have extremely tough skin. (AC +3)))


Message History

You miss something. The bat hits you but does no damage.
Something bites you but does no damage.
You completely miss something. The bat hits you but does no damage.
Something bites you.
* * * LOW HITPOINT WARNING * * *
It was a potion of degeneration.
There was something very wrong with that liquid.
You feel weakened.
You feel dopey.
You feel clumsy. The bat hits you but does no damage. Something bites you.
* * * LOW HITPOINT WARNING * * *
You miss something.
* * * LOW HITPOINT WARNING * * *
You feel sick.
Something bites you but does no damage. x2
You hit something.
Reactivating autopickup.
You feel a bit more experienced. The bat hits you but does no damage.
The bat hits you but does no damage. The bat hits you but does no damage. x2
You die...
Xom giggles madly!

# # ##
.## #.#.
.. #.#.
#.# ...
..#
#.#b##..#
#...♣>..#
#...##.##
#..# .#
#.) .# ##
##


You could see a bat.

Vanquished Creatures
  2 adders
  An ooze (D:2)
  A dart slug (D:1)
  3 goblins (D:1)
  5 hobgoblins
  6 jackals (D:1)
  2 bats (D:1)
20 creatures vanquished.

Notes
Turn   | Place    | Note
-------+----------+-------------------------------------------
     0 | D:1      | yaymichael the Centaur Chaos Knight began the quest for the
                  | Orb.
     0 | D:1      | Reached XP level 1. HP: 19/19 MP: 1/1
   201 | D:1      | XOM: divination: detect items
   401 | D:1      | Reached XP level 2. HP: 26/26 MP: 2/2
   794 | D:1      | XOM: cloud trail
   843 | D:2      | Reached skill level 1 in Dodging
   896 | D:2      | XOM: silly message
   932 | D:2      | You fall into a shaft and drop 2 floors!
   937 | D:4      | Reached XP level 3. HP: 31/31 MP: 3/3
   984 | D:4      | Noticed a scorpion
   984 | D:4      | XOM: confuse monster(s)
   989 | D:4      | XOM: smoke on damage
  1042 | D:3      | HP: 2/46 [something (2)]
  1047 | D:3      | Succumbed to an adder's poison

Illustrated notes

Levels and vault maps discovered:
D:1:      mrwooster_arrival_statue_3, layout_basic
D:2:      cheibrodos_greedy_goblins, layout_loops_ring
D:3:      layout_loops_corners, nicolae_overflow_crystal_walls, fedhas_altar_4,
          first_ration, ebering_ghost_sewer_d, uniq_sigmund, uniq_natasha
D:4:      layout_gridville, uniq_grinder

Skill      XL: |  1  2 |
---------------+-------+-----
Polearms       | 3 |  3.3
Dodging        | 1 |  1.0
Fighting       | |  3.6
Armour         | |  1.6

Action                   || total
-------------------------++-------
Melee: Spear             ||    79
       Kick              ||     5
  Use: Potion            ||     2
 Stab: Petrifying        ||     1
Armor: Leather armour    ||    25
       Skin              ||    23
Dodge: Dodged            ||    28
